 Dungeon Sprint DCSS version 0.16-a0-3171-gce70061 (webtiles) character file.

20885 BluebellGnoll the Acrobat (level 12, 0/51 HPs)
             Began as a Spriggan Enchanter on Dec 16, 2014.
             Was the Champion of Vehumet.
             Slain by an anaconda (9 damage)
             ... in the Dungeon (Sprint IX: "|||||||||||||||||||||||||||||").
             The game lasted 00:30:48 (3535 turns).

BluebellGnoll the Acrobat (Spriggan Enchanter)      Turns: 3535, Time: 00:30:49

Health: 0/51       AC:  4    Str:  4    XL:     12   Next: 49%
Magic:  31/39      EV: 38    Int: 23    God:    Vehumet [******]
Gold:   178        SH:  0    Dex: 18    Spells: 13 memorised, 8 levels left

rFire  . . .     SeeInvis +     B - +2 rapier (freeze)
rCold  . . .     Clarity  .     b - +1 robe
rNeg   . . .     SustAb   .     (shield restricted)
rPois  .         Gourm    .     (helmet restricted)
rElec  .         Spirit   .     y - +0 cloak
rCorr  .         Warding  .     (gloves unavailable)
rMut   .         NoTele   +     (boots unavailable)
MR     ++...                    (no amulet)
Stlth  +++++++++.               p - +2 ring of evasion
                                o - +3 ring of intelligence

@: very quick, very resistant to hostile enchantments, incredibly stealthy
A: unfitting armour, see invisible, herbivore 3, speed 3, slow metabolism 2
a: Renounce Religion


You were in the Dungeon.
You worshipped Vehumet.
Vehumet was exalted by your worship.
You were very full.

You visited 1 branch You collected 1928 gold pieces.
You spent 1750 gold pieces at shops.

Inventory:

Hand weapons
 a - a +1 dagger
 n - a +4 rapier of draining
 B - a +2 rapier of freezing (weapon)
Missiles
 x - 8 poisoned tomahawks (quivered)
Armour
 b - a +1 robe (worn)
 q - a troll hide
 y - a +0 cloak (worn)
 F - a +2 animal skin
Magical staves
 m - an uncursed staff of energy
Jewellery
 o - a +3 ring of intelligence (left hand)
 p - a +2 ring of evasion (right hand)
 G - an uncursed ring of stealth
 H - an uncursed ring of fire
Magical devices
 l - a wand of fire (8)
 A - a wand of magic darts (21)
Scrolls
 i - 6 scrolls of remove curse
 j - 3 scrolls of blinking
 k - 2 scrolls of amnesia
 u - 3 scrolls of identify
 w - 2 scrolls of enchant weapon
 J - a scroll of fear
 K - a scroll of fog
Potions
 e - 7 potions of curing
 f - 5 potions of heal wounds
 g - a potion of invisibility
 h - 4 potions of magic
 r - a potion of haste
 s - a potion of resistance
 t - a potion of brilliance
 I - a potion of might
Books
 c - a book of Maledictions

   Spells                             Type                      Level
   a - Corona                         Hexes                        1
   b - Sure Blade                     Hexes/Charms                 2
   c - Ensorcelled Hibernation        Hexes/Ice                    2
   d - Confuse                        Hexes                        3
   e - Dazzling Spray                 Conjuration/Hexes            3
   f - Enslavement                    Hexes                        4
 C - a book of Clouds

   Spells                             Type                      Level
   a - Mephitic Cloud                 Conjuration/Poison/Air       3
   b - Conjure Flame                  Conjuration/Fire             3
   c - Poisonous Cloud                Conjuration/Poison/Air       6
   d - Freezing Cloud                 Conjuration/Ice/Air          6
   e - Ring of Flames                 Charms/Fire                  7
 D - a book of Enchantments

   Spells                             Type                      Level
   a - Tukima's Dance                 Hexes                        3
   b - Cause Fear                     Hexes                        4
   c - Silence                        Hexes/Air                    5
   d - Deflect Missiles               Charms/Air                   6
   e - Haste                          Charms                       6
   f - Discord                        Hexes                        8
 E - a book of Callings

   Spells                             Type                      Level
   a - Summon Small Mammal            Summoning                    1
   b - Call Imp                       Summoning                    2
   c - Call Canine Familiar           Summoning                    3
   d - Summon Guardian Golem          Hexes/Summoning              4
   e - Summon Lightning Spire         Summoning/Air                4
   f - Summon Ice Beast               Ice/Summoning                4
Comestibles
 d - 13 bread rations
 z - 32 fruits


   Skills:
 - Level 9.4 Short Blades
 - Level 21.0 Dodging
 - Level 19.8 Stealth
 - Level 19.9 Spellcasting
 - Level 4.1 Conjurations
 - Level 12.5 Hexes
 - Level 9.1 Charms
 * Level 5.3 Ice Magic
 * Level 5.7 Air Magic


You had 8 spell levels left.
You knew the following spells:

 Your Spells              Type           Power        Failure   Level  Hunger
a - Magic Dart            Conj           ####         1%          1    None
b - Ensorcelled Hibernat  Hex/Ice        ######       1%          2    None
c - Confuse               Hex            ######..     1%          3    None
d - Sure Blade            Hex/Chrm       ######....   1%          2    None
e - Dazzling Spray        Conj/Hex       ######..     1%          3    None
f - Enslavement           Hex            ######..     1%          4    None
g - Mephitic Cloud        Conj/Pois/Air  #####...     1%          3    None
h - Sticky Flame          Conj/Fire      ####....     2%          4    None
i - Iskenderun's Battles  Conj/Chrm      ######..     1%          5    None
j - Conjure Flame         Conj/Fire      ####....     1%          3    None
k - Orb of Destruction    Conj           #####.....   86%         7    #####..
l - Force Lance           Conj/Tloc      ####....     2%          4    None
w - Corona                Hex            ######.      0%          1    None


Dungeon Overview and Level Annotations

Branches:
Dungeon (1/1)

Altars:
Cheibriados
Dithmenos
Elyvilon
Fedhas
Gozag
Kikubaaqudgha
Makhleb
Nemelex Xobeh
Okawaru
Qazlal
Ru
Sif Muna
Trog
Vehumet
Xom
Yredelemnul
Zin
The Shining One
Beogh
Jiyva
Lugonu

Shops:
D :%[(


Innate Abilities, Weirdness & Mutations

You are tiny and cannot use many weapons and most armour.
You have supernaturally acute eyesight.
You are a herbivore.
You cover ground extremely quickly.
You need consume almost no food.


Message History

The anaconda completely misses you. The anaconda closely misses you.
Casting: Mephitic Cloud
Confirm with . or Enter, or press ? or * to list all spells.
Aiming: Force Lance
Press: ? - help, Shift-Dir - straight line, f/p - anaconda
Aim: an anaconda (almost dead, slow)
The lance of force misses the anaconda.
The anaconda is no longer moving slowly.
The anaconda barely misses the salamander mystic.
The anaconda misses you. The anaconda closely misses you.
The naga mage gestures wildly while chanting.
The naga mage seems to speed up.
Casting: Force Lance
Confirm with . or Enter, or press ? or * to list all spells.
Aiming: Force Lance
Press: ? - help, Shift-Dir - straight line, f/p - anaconda
Aim: an anaconda (almost dead)
The lance of force misses the anaconda.
The anaconda barely misses you. The anaconda bites you!
You die...

'▓.▓.▓.▓[▓.▓)▓.▓.▓
.▓.▓.▓.▓[▓.▓)▓.▓S▓
.▓.▓.▓.▓[▓.▓)▓.▓N▓
†▓.▓[▓.▓)▓.▓.▓.▓N▓
†▓.▓.▓[▓'▓.▓.▓.▓N▓
)▓.▓.▓.▓(▓.▓.▓.▓S▓
'▓.▓.▓.▓)▓.▓=▓.▓.▓
.▓.▓†▓.▓(▓.▓=▓.▓.▓
.▓.▓†▓.▓)▓.▓'▓.▓@▓
.▓.▓.▓.▓)▓.▓.▓.▓S▓
.▓.▓'▓.▓.▓.▓.▓.▓.▓
)▓.▓.▓.▓.▓.▓.▓.▓.▓
'▓.▓.▓.▓[▓.▓.▓.▓.▓
.▓.▓.▓.▓)▓.▓.▓.▓.▓
.▓.▓.▓.▓.▓.▓.▓.▓.▓
.▓.▓.▓.▓.▓.▓.▓.▓.▓
.▓.▓.▓.▓.▓.▓.▓.▓.▓


You could see a salamander mystic, 2 anacondas, a guardian serpent, a naga mage
and a naga.

Vanquished Creatures
  An emperor scorpion (D)
  A stone giant (D)
  3 rakshasas (D)
  3 ettins (D)
  A naga warrior (D)
  A hydra (D)
  Erica (D)
  7 orc high priests (D)
  An unseen horror (D)
  A deep elf knight (D)
  4 hill giants (D)
  2 ugly things (D)
  4 orc knights (D)
  A mana viper (D)
  A guardian serpent (shapeshifter) (D)
  An elephant (D)
  A black mamba (D)
  Joseph (D)
  A komodo dragon (D)
  3 spiny frogs (D)
  A kobold demonologist (D)
  A troll (D)
  A blink frog (D)
  A basilisk (D)
  2 wargs (D)
  Eustachio (D)
  Grum (D)
  9 wolves (D)
  A vampire mosquito (D)
  A yak (D)
  4 water moccasins (D)
  8 orc warriors (D)
  A hell hound (D)
  2 porcupines (D)
  2 sky beasts (D)
  3 giant frogs (D)
  A scorpion (D)
  An iron imp (D)
  An orc wizard (D)
  An iguana (D)
  7 orc priests (D)
  2 worker ants (D)
  A river rat (D)
  2 adders (D)
  A white imp (D)
  An ufetubus (D)
  9 orcs (D)
  3 goblins (D)
  A jackal (D)
  A bat (D)
  2 giant spores (D)
  2 kobolds (D)
  A ballistomycete (D)
115 creatures vanquished.

Vanquished Creatures (others)
  An ettin (D)
  A wyvern (D)
  A hound (D)
  2 orc priests (D)
  3 ballistomycetes (D)
  A fungus (D)
9 creatures vanquished.

Grand Total: 124 creatures vanquished

Notes
Turn   | Place    | Note
--------------------------------------------------------------
     0 | D        | BluebellGnoll, the Spriggan Enchanter, began the quest for the Orb.
     0 | D        | Reached XP level 1. HP: 9/9 MP: 4/4
     8 | D        | Reached skill level 5 in Stealth
    10 | D        | Reached skill level 6 in Stealth
   151 | D        | Noticed a worker ant
   151 | D        | Noticed a scorpion
   153 | D        | Reached skill level 7 in Stealth
   161 | D        | Killed a scorpion
   161 | D        | Reached skill level 12 in Stealth
   161 | D        | Reached XP level 2. HP: 13/13 MP: 7/7
   161 | D        | Reached XP level 3. HP: 16/16 MP: 9/9
   168 | D        | Killed a worker ant
   168 | D        | Reached skill level 13 in Stealth
   168 | D        | Reached XP level 4. HP: 21/21 MP: 12/12
   173 | D        | Found a glowing silver altar of Zin.
   173 | D        | Found a glowing golden altar of the Shining One.
   173 | D        | Found an ancient bone altar of Kikubaaqudgha.
   173 | D        | Found a basalt altar of Yredelemnul.
   173 | D        | Found a shimmering altar of Xom.
   173 | D        | Found a radiant altar of Vehumet.
   173 | D        | Found an iron altar of Okawaru.
   174 | D        | Found a burning altar of Makhleb.
   175 | D        | Found a deep blue altar of Sif Muna.
   176 | D        | Found a bloodstained altar of Trog.
   177 | D        | Found a sparkling altar of Nemelex Xobeh.
   178 | D        | Found a white marble altar of Elyvilon.
   179 | D        | Found a roughly hewn altar of Beogh.
   180 | D        | Found a viscous altar of Jiyva.
   181 | D        | Became a worshipper of Vehumet
   182 | D        | Found a corrupted altar of Lugonu.
   183 | D        | Found a blossoming altar of Fedhas.
   184 | D        | Found a snail-covered altar of Cheibriados.
   185 | D        | Found a shadowy altar of Dithmenos.
   186 | D        | Found a stormy altar of Qazlal.
   187 | D        | Found an opulent altar of Gozag.
   188 | D        | Found a sacrificial altar of Ru.
   221 | D        | Learned a level 2 spell: Ensorcelled Hibernation
   225 | D        | Learned a level 3 spell: Confuse
   228 | D        | Learned a level 2 spell: Sure Blade
   264 | D        | Noticed a hound
   264 | D        | Noticed a giant frog
   264 | D        | Noticed a sky beast
   264 | D        | Noticed a hill giant
   266 | D        | Killed a hill giant
   266 | D        | Reached skill level 10 in Spellcasting
   266 | D        | Reached XP level 5. HP: 24/24 MP: 13/25
   266 | D        | Reached XP level 6. HP: 28/28 MP: 13/26
   266 | D        | Reached XP level 7. HP: 32/32 MP: 14/28
   272 | D        | Killed a sky beast
   275 | D        | Killed a giant frog
   275 | D        | Acquired Vehumet's first power
   275 | D        | Offered knowledge of Magic Dart by Vehumet.
   285 | D        | Killed a hound
   327 | D        | Learned a level 3 spell: Dazzling Spray
   332 | D        | Learned a level 4 spell: Enslavement
   334 | D        | Learned a level 1 spell: Magic Dart
   420 | D        | Noticed a worker ant
   420 | D        | Noticed a troll
   420 | D        | Noticed an unseen horror
   420 | D        | Noticed a four-headed hydra
   420 | D        | Noticed a vampire mosquito
   420 | D        | Noticed a sky beast
   422 | D        | Killed a sky beast
   436 | D        | Killed a vampire mosquito
   436 | D        | Offered knowledge of Freeze by Vehumet.
   436 | D        | Reached skill level 5 in Dodging
   436 | D        | Reached skill level 14 in Stealth
   516 | D        | Killed a four-headed hydra
   516 | D        | Reached skill level 16 in Stealth
   516 | D        | Reached XP level 8. HP: 13/36 MP: 16/30
   695 | D        | Killed an unseen horror
   695 | D        | Reached skill level 10 in Dodging
   695 | D        | Reached skill level 17 in Stealth
   695 | D        | Reached XP level 9. HP: 37/39 MP: 22/31
   716 | D        | Killed a troll
   716 | D        | Offered knowledge of Throw Frost by Vehumet.
   719 | D        | Killed a worker ant
   719 | D        | Acquired Vehumet's second power
   988 | D        | Noticed an elephant
   988 | D        | Noticed a porcupine
   988 | D        | Noticed a black mamba
   988 | D        | Noticed a porcupine
   988 | D        | Noticed a basilisk
   988 | D        | Noticed a yak
   988 | D        | Noticed a spiny frog
   989 | D        | Noticed a wolf
   990 | D        | Killed a spiny frog
   990 | D        | Reached skill level 18 in Stealth
   991 | D        | Noticed a water moccasin
  1036 | D        | Killed a basilisk
  1036 | D        | Offered knowledge of Force Lance by Vehumet.
  1042 | D        | Learned a level 4 spell: Force Lance
  1048 | D        | Killed a yak
  1051 | D        | Killed a porcupine
  1051 | D        | Acquired Vehumet's third power
  1056 | D        | Killed a black mamba
  1056 | D        | Offered knowledge of Sticky Flame by Vehumet.
  1061 | D        | Killed a porcupine
  1067 | D        | Learned a level 4 spell: Sticky Flame
  1077 | D        | Killed an elephant
  1077 | D        | Reached skill level 19 in Stealth
  1082 | D        | Killed a wolf
  1082 | D        | Offered knowledge of Fulminant Prism by Vehumet.
  1087 | D        | Killed a water moccasin
  1087 | D        | Reached XP level 10. HP: 44/44 MP: 19/32
  1143 | D        | Noticed a komodo dragon
  1143 | D        | Noticed a blink frog
  1143 | D        | Noticed a water moccasin
  1143 | D        | Noticed an iguana
  1143 | D        | Noticed a spiny frog
  1144 | D        | Noticed a spiny frog
  1157 | D        | Killed a spiny frog
  1160 | D        | Killed an iguana
  1171 | D        | Killed a water moccasin
  1189 | D        | Killed a spiny frog
  1265 | D        | Killed a komodo dragon
  1265 | D        | Offered knowledge of Irradiate by Vehumet.
  1276 | D        | Killed a blink frog
  1277 | D        | Noticed a water moccasin
  1285 | D        | Killed a water moccasin
  1287 | D        | Noticed a wolf
  1287 | D        | Noticed a wolf
  1287 | D        | Noticed a warg
  1287 | D        | Noticed a hell hound
  1287 | D        | Noticed a wolf
  1318 | D        | Killed a warg
  1419 | D        | Noticed a warg
  1419 | D        | Noticed a wolf
  1421 | D        | Noticed a wolf
  1421 | D        | Killed a wolf
  1427 | D        | Killed a hell hound
  1433 | D        | Killed a warg
  1445 | D        | Killed a wolf
  1454 | D        | Killed a wolf
  1454 | D        | Reached skill level 15 in Dodging
  1457 | D        | Killed a wolf
  1465 | D        | Killed a wolf
  1564 | D        | Noticed Eustachio
  1572 | D        | Killed Eustachio
  1602 | D        | Noticed an orc warrior
  1602 | D        | Noticed an orc priest
  1602 | D        | Noticed an orc knight
  1603 | D        | Noticed an orc wizard
  1606 | D        | Offered knowledge of Bolt of Magma by Vehumet.
  1615 | D        | Killed an orc knight
  1619 | D        | Killed an orc priest
  1621 | D        | Noticed an orc priest
  1622 | D        | Killed an orc warrior
  1641 | D        | Killed an orc wizard
  1654 | D        | Killed an orc priest
  1656 | D        | Noticed a stone giant
  2009 | D        | Killed a stone giant
  2016 | D        | Offered knowledge of Iskenderun's Battlesphere by Vehumet.
  2072 | D        | Noticed an orc knight
  2072 | D        | Noticed an orc knight
  2072 | D        | Noticed an orc warrior
  2072 | D        | Noticed an orc warrior
  2072 | D        | Noticed an orc warrior
  2072 | D        | Noticed an orc warrior
  2072 | D        | Noticed an orc knight
  2073 | D        | Noticed an orc warrior
  2074 | D        | Killed an orc knight
  2074 | D        | Reached XP level 11. HP: 47/47 MP: 35/35
  2076 | D        | Killed an orc warrior
  2077 | D        | Noticed an orc high priest
  2078 | D        | Killed an orc warrior
  2079 | D        | Noticed an orc warrior
  2096 | D        | Killed an orc warrior
  2100 | D        | Learned a level 5 spell: Iskenderun's Battlesphere
  2122 | D        | Killed an orc warrior
  2133 | D        | Killed an orc warrior
  2172 | D        | Noticed an orc warrior
  2186 | D        | Killed an orc knight
  2186 | D        | Offered knowledge of Spellforged Servitor by Vehumet.
  2186 | D        | Reached skill level 20 in Dodging
  2202 | D        | Killed an orc high priest
  2218 | D        | Killed an orc warrior
  2243 | D        | Killed an orc knight
  2261 | D        | Killed an orc warrior
  2261 | D        | Reached skill level 21 in Dodging
  2294 | D        | Found Shye's Antique Weapon Boutique.
  2294 | D        | Noticed an orc high priest
  2294 | D        | Noticed an orc priest
  2294 | D        | Noticed an orc priest
  2294 | D        | Noticed an orc priest
  2294 | D        | Noticed an orc high priest
  2294 | D        | Noticed an orc high priest
  2295 | D        | Found Zotaurit's Armour Shop.
  2297 | D        | Killed an orc priest
  2298 | D        | Killed an orc priest
  2300 | D        | Noticed an orc priest
  2302 | D        | Killed an orc priest
  2302 | D        | Reached skill level 1 in Charms
  2303 | D        | Killed an orc high priest
  2303 | D        | Reached skill level 15 in Spellcasting
  2304 | D        | Killed an orc high priest
  2305 | D        | Killed an orc high priest
  2308 | D        | Found Udukky's Food Boutique.
  2309 | D        | Noticed an orc priest
  2310 | D        | Found Waarrum's Book Shop.
  2311 | D        | Noticed an orc priest
  2312 | D        | Noticed an orc high priest
  2315 | D        | Killed an orc priest
  2328 | D        | an orc priest (ally) was killed
  2337 | D        | an orc priest (ally) was killed
  2561 | D        | Killed an orc high priest
  2561 | D        | Offered knowledge of Ozocubu's Refrigeration by Vehumet.
  2594 | D        | Noticed an orc high priest
  2690 | D        | Killed an orc high priest
  2836 | D        | Noticed an orc priest
  2843 | D        | Noticed an orc high priest
  2844 | D        | Killed an orc priest
  2856 | D        | Killed an orc high priest
  2923 | D        | Bought a book of Clouds for 630 gold pieces
  2923 | D        | Bought a book of Enchantments for 700 gold pieces
  2923 | D        | Bought a book of Callings for 420 gold pieces
  2929 | D        | Learned a level 3 spell: Mephitic Cloud
  2933 | D        | Learned a level 3 spell: Conjure Flame
  2954 | D        | Noticed a wolf
  2955 | D        | Noticed Grum
  2956 | D        | Noticed a wolf
  2957 | D        | Noticed a wolf
  2963 | D        | Killed Grum
  2965 | D        | Killed a wolf
  2967 | D        | Killed a wolf
  2969 | D        | Killed a wolf
  2981 | D        | Noticed Erica
  2990 | D        | Killed Erica
  3083 | D        | Noticed a giant frog
  3083 | D        | Noticed a hill giant
  3083 | D        | Noticed a kobold demonologist
  3083 | D        | Noticed a wyvern
  3083 | D        | Noticed a giant frog
  3083 | D        | Noticed a purple ugly thing
  3084 | D        | Noticed a hill giant
  3095 | D        | Killed a giant frog
  3095 | D        | Offered knowledge of Orb of Destruction by Vehumet.
  3101 | D        | Killed a purple ugly thing
  3101 | D        | Reached skill level 1 in Conjurations
  3110 | D        | Killed a wyvern
  3130 | D        | Killed a kobold demonologist
  3133 | D        | Killed a hill giant
  3140 | D        | Killed a giant frog
  3140 | D        | Reached XP level 12. HP: 45/51 MP: 16/38
  3143 | D        | Noticed a deep elf knight
  3144 | D        | Killed a hill giant
  3171 | D        | Killed a deep elf knight
  3171 | D        | Reached skill level 1 in Ice Magic
  3182 | D        | Learned a level 7 spell: Orb of Destruction
  3204 | D        | Noticed a cyan ugly thing
  3205 | D        | Noticed a hill giant
  3206 | D        | Noticed a guardian serpent
  3207 | D        | Noticed an emperor scorpion
  3208 | D        | Noticed an ettin
  3209 | D        | Noticed a rakshasa
  3212 | D        | Killed a cyan ugly thing
  3214 | D        | Killed a hill giant
  3216 | D        | Killed a guardian serpent
  3218 | D        | Killed an emperor scorpion
  3218 | D        | Offered knowledge of Shatter by Vehumet.
  3218 | D        | Offered knowledge of Chain Lightning by Vehumet.
  3218 | D        | Offered knowledge of Tornado by Vehumet.
  3241 | D        | Killed an ettin
  3252 | D        | Killed an ettin
  3264 | D        | Killed an ettin
  3278 | D        | an ettin (ally) was killed
  3281 | D        | Killed a rakshasa
  3282 | D        | Killed a rakshasa
  3284 | D        | Killed a rakshasa
  3432 | D        | Noticed Joseph
  3445 | D        | Killed Joseph
  3498 | D        | Noticed a water moccasin
  3498 | D        | Noticed a salamander mystic
  3498 | D        | Noticed a naga
  3498 | D        | Noticed a naga mage
  3498 | D        | Noticed an anaconda
  3498 | D        | Noticed a mana viper
  3498 | D        | Noticed a naga warrior
  3499 | D        | Noticed a guardian serpent
  3500 | D        | Killed a naga warrior
  3500 | D        | Reached skill level 5 in Air Magic
  3501 | D        | Noticed an anaconda
  3502 | D        | Killed a mana viper
  3502 | D        | Reached skill level 5 in Ice Magic
  3527 | D        | Killed a water moccasin
  3535 | D        | Slain by an anaconda

Action                   |  1- 3 |  4- 6 |  7- 9 | 10-12 || total
-------------------------+-------+-------+-------+-------++-------
Melee: Dagger            |    30 |     1 |       |       ||    31
       Rapier            |       |     1 |    32 |   147 ||   180
 Cast: Dazzling Spray    |       |       |    15 |    12 ||    27
       Ensorcelled Hiber |       |       |    19 |    28 ||    47
       Confuse           |       |       |     7 |    47 ||    54
       Magic Dart        |       |       |       |    10 ||    10
       Iskenderun's Batt |       |       |       |     4 ||     4
       Enslavement       |       |       |       |     3 ||     3
       Force Lance       |       |       |       |     8 ||     8
       Mephitic Cloud    |       |       |       |     3 ||     3
Evoke: Wand              |       |       |       |     6 ||     6
  Use: Potion            |     2 |       |       |     4 ||     6
       Scroll            |       |       |       |     4 ||     4
 Stab: Sleeping          |     1 |     1 |    12 |    29 ||    43
       Confused          |       |       |     2 |    19 ||    21
       Invisible         |       |       |     2 |     4 ||     6
  Eat: Fruit             |       |       |       |     8 ||     8
